 Dungeon Crawl Stone Soup version 0.19-a0-739-gf2af308 (webtiles) character file.

1857 Aksej the Twirler (level 8, -1/60 HPs)
             Began as a Demonspawn Gladiator on June 23, 2016.
             Was a Follower of Makhleb.
             Slain by a gnoll sergeant
             ... wielding a +4 trident of piercing
              (2 damage)
             ... on level 6 of the Dungeon.
             The game lasted 00:13:04 (5638 turns).

Aksej the Twirler (Demonspawn Gladiator)            Turns: 5638, Time: 00:13:06

Health: -1/60      AC:  8    Str: 19    XL:     8   Next: 89%
Magic:  13/13      EV: 20    Int: 16    God:    Makhleb [*.....]
Gold:   225        SH:  0    Dex: 19    Spells: 1 memorised, 10 levels left

rFire  . . .     SeeInvis .     a - +1 quarterstaff
rCold  + . .     Gourm    .     F - +2 leather armour {rN+}
rNeg   + . .     Faith    .     (shield currently unavailable)
rPois  .         Spirit   .     (helmet restricted)
rElec  .         Dismiss  .     v - +2 cloak {MR+}
rCorr  .         Reflect  .     (no gloves)
SustAt .         Harm     .     (no boots)
MR     +....                    (no amulet)
Stlth  +++.......               C - -3 ring of strength (curse)
                                r - +6 ring of intelligence (curse)

@: mighty, agile, lethally poisoned (-1 -> -36), somewhat resistant to hostile
enchantments, fairly stealthy
A: horns 2, cold resistance 1, spiny 1
a: Renounce Religion


You were on level 6 of the Dungeon.
You worshipped Makhleb.
Makhleb was aware of your devotion.
You were not hungry.

You visited 2 branches of the dungeon, and saw 7 of its levels.
You also visited: Sewer.

You collected 328 gold pieces.
You spent 103 gold pieces at shops.

Inventory:

Hand Weapons
 a - a +1 quarterstaff (weapon)
Missiles
 d - 3 throwing nets (quivered)
Armour
 v - a +2 cloak of magic resistance (worn)
 F - a +2 leather armour of positive energy (worn)
Jewellery
 r - a cursed +6 ring of intelligence (left hand)
 w - an uncursed ring of stealth {unknown}
 x - a +4 ring of strength
 z - an uncursed ring of ice {unknown}
 C - a cursed -3 ring of strength (right hand)
 E - a +3 ring of intelligence
Wands
 n - a wand of polymorph (24/24)
 H - a wand of polymorph (14/24)
Scrolls
 u - 2 scrolls of teleportation
 y - a scroll of fog
 A - a scroll of magic mapping
 B - a scroll of identify
 G - a scroll of recharging
Potions
 e - a potion of magic
 g - 6 potions of heal wounds
 h - 6 potions of brilliance
 k - a potion of flight
 p - 5 potions of curing
 s - a potion of ambrosia
 t - a potion of berserk rage
Books
 i - a book of Necromancy

   Spells                             Type                      Level
   a - Pain                           Necromancy                   1
   b - Animate Skeleton               Necromancy                   1
   c - Vampiric Draining              Necromancy                   3
   d - Regeneration                   Charms/Necromancy            3
   e - Animate Dead                   Necromancy                   4
   f - Control Undead                 Necromancy                   4
Comestibles
 b - 5 chunks of flesh
 c - 3 meat rations
 f - 3 bread rations
 j - a royal jelly
 o - 12 fruits
 D - a beef jerky


   Skills:
 + Level 4.0 Fighting
 * Level 6.0 Staves
 + Level 2.0 Throwing
 + Level 3.0 Armour
 + Level 4.9 Dodging
 + Level 3.4 Stealth
 * Level 3.7 Spellcasting
 * Level 4.3 Necromancy


You had 10 spell levels left.
You knew the following spells:

 Your Spells              Type           Power        Failure   Level  Hunger
a - Animate Dead          Necr           N/A          38%         4    ####...


Dungeon Overview and Level Annotations

Branches:
Dungeon (6/15)             Temple (1/1) D:6

Altars:
Ashenzari
Dithmenos
Elyvilon
Fedhas
Hepliaklqana
Kikubaaqudgha
Makhleb
Okawaru
Pakellas
Qazlal
Ru
Uskayaw
Xom
Yredelemnul
Zin
The Shining One

Shops:
D:4 [


Innate Abilities, Weirdness & Mutations

You have a pair of horns on your head.
Your flesh is cold resistant. (rC+)
You are partially covered in sharp spines.


Message History

You feel very sick.
The gnoll sergeant hits you but does no damage.
You are more poisoned.
The kobold is struck by your spines.
You kill the kobold!
Makhleb accepts your kill.
Your Fighting skill increases to level 4!
The gnoll sergeant completely misses you.
You barely miss the orc warrior.
You feel very sick. The orc warrior barely misses you.
The gnoll sergeant closely misses you. The gnoll sergeant misses you.
Unknown command.
* * * LOW HITPOINT WARNING * * *
You feel very sick.
The kobold seems to regain its courage.
The gnoll sergeant misses you.
The orc warrior hits you with a short sword!
* * * LOW HITPOINT WARNING * * *
The gnoll sergeant hits you with a trident of piercing.
You die...

######### ♣zzz♣♣♣♣....♣P
#......%############'('#P
#..$....#..........#.(.#
#.......#..........#|>.#
#$......#..........#...#
#[......#..........#..)#
♣#.)....K####))########'#
...#.....Kgo(..(......))((+
...#....$gg@).(.......).).+
###########################


You could see an orc warrior, a big kobold, 2 gnoll sergeants, a hobgoblin and a
kobold.

Vanquished Creatures
  Pikel (D:5)
  The ghost of Aksej the Grave Robber, an amateur DsNe (D:5)
  A sky beast (D:5)
  3 centaurs (D:6)
  3 big kobolds (Sewer)
  A giant frog (D:6)
  A scorpion (D:4)
  2 crimson imps (D:5)
  A giant frog skeleton (D:5)
  A gnoll shaman (D:6)
  A hound (D:6)
  4 orc wizards
  An iguana (D:4)
  A worker ant (D:4)
  Robin (D:3)
  8 adders
  4 gnolls (D:6)
  3 oozes
  An adder skeleton (D:5)
  3 dart slugs
  A giant gecko (D:4)
  10 orcs
  7 bats
  3 giant cockroaches
  10 hobgoblins
  3 jackals (D:3)
  A quokka (D:5)
  A ball python (D:5)
  A giant gecko zombie (D:5)
  2 giant newts
  14 goblins
  A jackal skeleton (D:4)
  21 kobolds
  20 rats
  A bush (D:1)
138 creatures vanquished.

Vanquished Creatures (others)
  2 plants (D:6)
2 creatures vanquished.

Grand Total: 140 creatures vanquished

Notes
Turn   | Place    | Note
--------------------------------------------------------------
     0 | D:1      | Aksej the Demonspawn Gladiator began the quest for the Orb.
     0 | D:1      | Reached XP level 1. HP: 16/16 MP: 1/1
   134 | D:1      | Reached skill level 3 in Staves
   139 | D:1      | Gained mutation: You have a pair of small horns on your head. [demonic ancestry]
   139 | D:1      | Reached XP level 2. HP: 22/22 MP: 2/2
   446 | D:1      | Gained mutation: You are partially covered in sharp spines. [demonic ancestry]
   446 | D:1      | Reached XP level 3. HP: 21/27 MP: 3/3
  1939 | D:3      | Noticed Robin
  1945 | D:3      | Killed Robin
  1945 | D:3      | Reached skill level 1 in Spellcasting
  1946 | D:3      | Reached XP level 4. HP: 9/34 MP: 5/5
  2037 | D:3      | Learned a level 4 spell: Animate Dead
  2144 | D:3      | Found a glowing drain.
  2156 | Sewer    | Entered a sewer
  2203 | Sewer    | Reached skill level 1 in Armour
  2216 | Sewer    | Noticed a big kobold
  2216 | Sewer    | Noticed a big kobold
  2222 | Sewer    | Killed a big kobold
  2222 | Sewer    | Reached XP level 5. HP: 22/39 MP: 5/7
  2230 | Sewer    | Reached skill level 1 in Necromancy
  2706 | Sewer    | Reached skill level 4 in Staves
  2706 | Sewer    | Reached skill level 1 in Stealth
  2706 | Sewer    | Gained mutation: You have a pair of horns on your head. [demonic ancestry]
  2706 | Sewer    | Reached XP level 6. HP: 20/46 MP: 7/9
  3609 | D:4      | Found Wagga's Antique Armour Shoppe.
  3629 | D:4      | Bought a glowing cloak for 103 gold pieces
  3843 | D:4      | Gained mutation: Your flesh is cold resistant. (rC+) [demonic ancestry]
  3843 | D:4      | Reached XP level 7. HP: 34/52 MP: 10/10
  4127 | D:5      | Entered Level 5 of the Dungeon
  4178 | D:5      | Found a hide-covered altar of Uskayaw.
  4863 | D:5      | Noticed Pikel
  4871 | D:5      | Killed Pikel
  4871 | D:5      | Reached skill level 5 in Staves
  4871 | D:5      | Reached XP level 8. HP: 50/58 MP: 10/12
  4959 | D:5      | Noticed Aksej's ghost (amateur DsNe)
  4971 | D:5      | Killed Aksej's ghost
  5089 | D:6      | Found a staircase to the Ecumenical Temple.
  5129 | Temple   | Entered the Ecumenical Temple
  5309 | Temple   | Became a worshipper of Makhleb the Destroyer
  5631 | D:6      | Reached skill level 6 in Staves
  5636 | D:6      | Reached * piety under Makhleb
  5638 | D:6      | HP: 1/60 [orc warrior/short sword (16)]
  5638 | D:6      | Slain by a gnoll sergeant

Vault maps used:
D:1:      minmay_arrival_radiant_lines, serial_forest,
          infiniplex_forest_clump_long, infiniplex_forest_straight_3,
          infiniplex_forest_clump_medium, infiniplex_forest_clump_tiny,
          infiniplex_forest_straight_2, infiniplex_forest_split,
          infiniplex_forest_lined_room_, infiniplex_forest_diagonal,
          infiniplex_forest_diagonal, infiniplex_forest_lined_4_way
D:2:      serial_curves, eino_curves_04, eino_curves_01
D:3:      portal_sewer_entry_d, roderic_cross_of_infinity, uniq_robin
D:4:      serial_shops, shop
D:5:      basic_altar, first_bread, dk_vineyard_3, uniq_pikel
D:6:      kennysheep_housing_project, minmay_overflow_temple_hex, uniq_edmund
Temple:   regret_index_temple_sphere_string
Sewer:    kennysheep_pipe_town

Skill      XL: |  1  2  3  4  5  6  7  8 |
---------------+-------------------------+-----
Staves         | 3 4 5 6 |  6.0
Spellcasting   | 1 2 3 |  3.7
Dodging        | 3 4 |  4.9
Armour         | 1 2 3 |  3.0
Necromancy     | 1 2 3 4 |  4.3
Stealth        | 1 2 3 |  3.4
Fighting       | 3 4 |  4.0
Throwing       | 2 |  2.0

Action                   |  1- 3 |  4- 6 |  7- 9 || total
-------------------------+-------+-------+-------++-------
Melee: Quarterstaff      |   140 |   102 |    98 ||   340
       Headbutt          |    32 |    17 |    20 ||    69
Throw: Throwing net      |       |       |     2 ||     2
  Use: Scroll            |    11 |     9 |     6 ||    26
       Potion            |     1 |     1 |     5 ||     7
 Stab: Sleeping          |     2 |     4 |       ||     6
  Eat: Chunk             |     3 |     6 |     6 ||    15
Armor: Leather armour    |    22 |    22 |    36 ||    80
Dodge: Dodged            |    48 |    61 |    95 ||   204
